AoeStats
← Dog

Arabia

510233859Analyzed
1v1 RM · 2d ago on Sep 30, 2026· 55m 24s· 2 players
Game mode
Random Map
Map size
Tiny (2 player)
Population
200
Speed
Normal
Resources
Standard
Victory
Conquest
Starting age
Dark Age
Ending age
Imperial Age
RankedLock teamsTeams togetherTeam positionsShared explorationLock speedFull tech treeHidden civsTurbo modeCheats
Victory
Defeat
🇺🇸 Persians · United States
1034
+17
🇺🇸 Jurchens · United States
1062
-17
Dog
6:52 Loom
9:03 Feudal Age
9:23 Double-Bit Axe
9:18 Horse Collar
10:53 Horse Collar
20:50 Castle Age
20:00 Forging
20:24 Bloodlines
20:36 Scale Barding Armor
22:35 Wheelbarrow
23:43 Iron Casting
25:16 Gold Mining
28:35 Hand Cart
29:09 Chain Barding Armor
35:28 Imperial Age
33:03 Fletching
33:13 Padded Archer Armor
34:10 Bodkin Arrow
35:02 Ballistics
35:27 Cavalier
36:10 Husbandry
37:33 Conscription
38:22 Gold Shaft Mining
39:05 Blast Furnace
40:27 Kamandaran
41:08 Elite Skirmisher
41:09 Crossbowman
41:54 Thumb Ring
42:57 Bow Saw
44:54 Two-Man Saw
44:32 Leather Archer Armor
45:18 Savar
47:57 Chemistry
46:52 Murder Holes
51:09 Plate Barding Armor
54:10 Masonry
96
7:52 Loom
9:58 Feudal Age
10:52 Double-Bit Axe
18:46 Castle Age
16:57 Horse Collar
18:01 Forging
18:30 Gold Mining
18:56 Scale Mail Armor
19:47 Bow Saw
20:41 Stone Mining
21:58 Squires
24:08 Chain Mail Armor
25:46 Wheelbarrow
25:58 Fletching
28:36 Iron Casting
36:38 Imperial Age
34:15 Scale Barding Armor
36:52 Chain Barding Armor
36:44 Town Watch
36:55 Elite Fire Lancer
39:04 Blast Furnace
39:25 Bloodlines
38:38 Light Cavalry
40:39 Gold Shaft Mining
42:39 Gambesons
42:53 Elite Iron Pagoda
43:16 Hussar
44:43 Conscription
54:42 Town Patrol
54:57 Hand Cart
Connection lost

Rejoining the realm…

Still unreachable

The connection could not be restored.

Session expired

The server has moved on; the page needs a fresh start.